Selects Airborne Battlegroup
Selects Smoke Bombing Run
Selects Heavy Machine Gun Paradrop
Heavy Machine Gun Paradrop
Construct Weapon Support Center
Heavy Machine Gun Paradrop
M3 Armored Personnel Carrier
Selects Paradrop Reinforcements
M1918 Browning Automatic Rifles
M18 Hellcat Tank Destroyer
M18 Hellcat Tank Destroyer
Selects Carpet Bombing Run
Selects Paratrooper Squad Paradrop
Selects Anti-tank Gun Team Paradrop
Paratrooper Squad Paradrop
M18 Hellcat Tank Destroyer